 Dungeon Crawl Stone Soup version 0.29.1-13-g9f3cf754e1 (webtiles) character file.

Game seed: 6418280240461829420

8 cbfl8 the Trooper (level 2, 15/25 HPs)
             Began as a Palentonga Abyssal Knight on Jan 27, 2023.
             Was a Believer of Lugonu.
             Quit the game on level 1 of the Dungeon.
             The game lasted 00:03:04 (244 turns).

cbfl8 the Trooper (Palentonga Abyssal Knight)        Turns: 244, Time: 00:03:05

Health: 15/25      AC:  4    Str: 18    XL:     2   Next: 0%
Magic:  3/3        EV:  9    Int: 10    God:    Lugonu [**....]
Gold:   0          SH:  0    Dex: 10    Spells: 1/1 levels left

rFire   . . .      SeeInvis +   a - +1 short sword
rCold   . . .      Faith    .   (no shield)
rNeg    . . .      Spirit   .   b - +0 leather armour
rPois   .          Reflect  .   (no helmet)
rElec   .          Harm     .   (no cloak)
rCorr   .          Rampage  .   (no gloves)
Will    .....                   (no barding)
Stlth   +.........              (no amulet)
HPRegen 0.08/turn               (no ring)
MPRegen 0.08/turn               (no ring)

@: no status effects
A: large, rugged brown scales 3, see invisible, deformed body, roll 1, armoured
tail
a: Rolling Charge, Renounce Religion, Depart the Abyss, Bend Space


You were on level 1 of the Dungeon.
You worshipped Lugonu.
Lugonu was pleased with you.
You visited 1 branch of the dungeon, and saw 1 of its levels.
You visited the Abyss 1 time.

Inventory:

Hand Weapons
 a - a +1 short sword (weapon)
Armour
 b - a +0 leather armour (worn)


   Skills:
 + Level 3.3 Fighting
 + Level 2.2 Short Blades
 + Level 1.7 Armour
 + Level 0.7 Dodging
 + Level 2.0 Invocations


You had one spell level left.
You didn't know any spells.
Your spell library was empty.

Dungeon Overview and Level Annotations

Branches:
Dungeon (1/15)

Altars:


Innate Abilities, Weirdness & Mutations

You are completely covered in rugged brown scales. (AC +3, +7% HP)
You have supernaturally acute eyesight. (SInv)
Armour fits poorly on your strangely shaped body.
You can roll at nearby foes to attack.
You have a long armoured tail.


Message History

The frilled lizard hisses angrily.
The kobold hits you with a +0 short sword.
The kobold attacks as you move away!
The kobold hits you with a +0 short sword.
The kobold throws a stone.
The stone misses you.
The kobold throws a stone.
The stone closely misses you.
There is a stone staircase leading down here.
The kobold throws a stone.
The stone hits you but does no damage.
There is a stone staircase leading down here.
Unknown command.
The kobold hits you with a +0 short sword.
The frilled lizard barely misses you.
You closely miss the kobold. The kobold completely misses you.
The frilled lizard bites you but does no damage.
You hit the kobold.
You kill the kobold!
Lugonu accepts your kill. The frilled lizard barely misses you.
The frilled lizard attacks as you move away!
The frilled lizard closely misses you.
There is a stone staircase leading down here.
Unknown command.
You hit the frilled lizard.
You kill the frilled lizard!
Lugonu accepts your kill. The frilled lizard barely misses you.
The frilled lizard barely misses you.
There is a stone staircase leading down here.
You see here a frilled lizard corpse.
A frilled lizard is nearby!
A frilled lizard is nearby!
Unknown command.
You hit the frilled lizard.
You kill the frilled lizard!
Lugonu accepts your kill.
You have reached level 2!
Welcome back, cbfl8 the Palentonga Abyssal Knight.
Lugonu says: Spread carnage and corruption!
Press ? for a list of commands and other information.
Are you sure you want to abandon this character and quit the game? (Confirm with "yes".)

#.# #......... #.#
##..######. #.# #...#
#.# ##...# #.# #....#
#.# #.#..##### #.#
#.#......#
#.###.#..#.#.# #
#@....####.# #
#?###.###..'.'.#
###....(....####+#+####
..........#.#.........##
..........#†#..#.8.#..#.
..........#.....≈§§.....
..........#.#....§§...#
..........#.#..#...#..#
...[......#.#.........#


There were no monsters in sight!

Vanquished Creatures
  A ball python (D:1)
  A hobgoblin (D:1)
  2 jackals (D:1)
  3 frilled lizards (D:1)
  A kobold (D:1)
8 creatures vanquished.

Notes
Turn   | Place    | Note
-------+----------+-------------------------------------------
     0 | Abyss:1  | cbfl8 the Palentonga Abyssal Knight began the quest for the
                  | Orb.
     0 | Abyss:1  | Reached XP level 1. HP: 19/19 MP: 2/2
    10 | D:1      | Escaped the Abyss
   244 | D:1      | Reached XP level 2. HP: 15/25 MP: 3/3
   244 | D:1      | Quit the game

Illustrated notes

Levels and vault maps discovered:
D:1:      shiori_arrival_oz, layout_basic,
          shapermc_ecumenical_altar_mp_highgroup

Action                   || total
-------------------------++-------
Melee: Short sword       ||    25
       Tailslap          ||     2
Armor: Leather armour    ||    12
Dodge: Dodged            ||    16
